 Dungeon Crawl Stone Soup version 0.29.1-15-g9cfb28693d (webtiles) character file.

Game seed: 2008834498817284493

49 javelincjr the Caller (level 3, 0/26 HPs)
             Began as a Gnoll Summoner on Apr 12, 2023.
             Killed by nerve-wracking pain
             ... invoked by Grinder
              (10 damage)
             ... on level 3 of the Dungeon.
             The game lasted 00:05:36 (1762 turns).

javelincjr the Caller (Gnoll Summoner)              Turns: 1762, Time: 00:05:36

Health: 0/26       AC:  2    Str:  9    XL:     3   Next: 75%
Magic:  1/9        EV: 13    Int: 14    God:
Gold:   56         SH:  0    Dex: 12    Spells: 3/12 levels left

rFire   . . .      SeeInvis .   h - +0 spear
rCold   . . .      Faith    .   (no shield)
rNeg    . . .      Spirit   .   a - +0 robe
rPois   .          Reflect  .   (no helmet)
rElec   .          Harm     .   (no cloak)
rCorr   .          Rampage  .   (no gloves)
Will    .....                   (no boots)
Stlth   ++........              (no amulet)
HPRegen 0.08/turn               (no ring)
MPRegen 0.11/turn               (no ring)

@: no status effects
A: fangs 1, strong nose, distributed training
a: no special abilities


You were on level 3 of the Dungeon.
You visited 1 branch of the dungeon, and saw 3 of its levels.

You collected 56 gold pieces.

Inventory:

Hand Weapons
 d - a +0 hand axe
 h - a +0 spear (weapon)
Armour
 a - a +0 robe (worn)
Scrolls
 g - a scroll of butterflies {unknown}
 i - a scroll of fear {unknown}
 k - 5 scrolls of identify {unknown}
 l - a scroll of amnesia {unknown}
 n - a scroll of noise {unknown}
 p - a scroll of poison {unknown}
 q - a scroll of magic mapping {unknown}
Potions
 b - a potion of magic
 c - a potion of heal wounds {unknown}
 e - a potion of mutation {unknown}
 f - a potion of resistance {unknown}
 j - 2 potions of curing {unknown}
 m - a potion of cancellation {unknown}
 o - a potion of haste {unknown}


   Skills:
 + Level 1.0 Fighting
 + Level 1.0 Short Blades
 + Level 1.0 Long Blades
 + Level 1.0 Axes
 + Level 1.0 Maces & Flails
 + Level 1.0 Polearms
 + Level 1.0 Staves
 + Level 1.0 Ranged Weapons
 + Level 1.0 Throwing
 + Level 1.0 Armour
 + Level 4.6 Dodging
 + Level 4.2 Stealth
 + Level 1.0 Shields
 + Level 1.0 Unarmed Combat
 + Level 5.0 Spellcasting
 + Level 0.7 Conjurations
 + Level 0.7 Hexes
 + Level 7.1 Summonings
 + Level 0.7 Necromancy
 + Level 0.7 Translocations
 + Level 0.7 Transmutations
 + Level 0.7 Fire Magic
 + Level 0.7 Ice Magic
 + Level 0.7 Air Magic
 + Level 0.7 Earth Magic
 + Level 0.7 Poison Magic
 + Level 1.0 Invocations
 + Level 1.0 Evocations


You had 3 spell levels left.
You knew the following spells:

 Your Spells              Type           Power      Damage    Failure   Level
a - Summon Small Mammal   Summ           92%        N/A       1%          1
b - Call Imp              Summ           23%        N/A       1%          2
c - Call Canine Familiar  Summ           23%        N/A       2%          3
d - Summon Guardian Gole  Hex/Summ       14%        N/A       11%         3

Your spell library contained the following spells:

 Spells                   Type           Power      Damage    Failure   Level
 Summon Lightning Spire   Summ/Air       14%        N/A       34%         4


Dungeon Overview and Level Annotations

Branches:
Dungeon (3/15)

Altars:

Shops:
D:1 *

Annotations:
D:3 Grinder


Innate Abilities, Weirdness & Mutations

You have very sharp teeth.
Your uncanny sense of smell can sniff out nearby items.
Your experience applies equally to all skills.


Message History

A beastly little devil appears in a puff of flame.
You swap places.
Casting: Call Imp (safe; 1% risk of failure)
Confirm with . or Enter, or press ? or * to list all spells.
Grinder shouts!
Grinder zaps a wand.
The puff of flame hits your hound!
A hobgoblin comes into view.
Casting: Summon Small Mammal (safe; 1% risk of failure)
Confirm with . or Enter, or press ? or * to list all spells.
You don't have enough magic to cast this spell.
You are out of magic!
You aren't carrying any pieces of jewellery.
You swap places.
Grinder zaps a wand.
The puff of flame hits your hound!
You swap places.
Grinder blinks!
Your crimson imp barely misses Grinder.
Found 4 gold pieces and a pair of boots.
Your quokka misses Grinder. Grinder gestures at you.
Your quokka writhes in agony.
Your crimson imp blinks!
Your quokka bites Grinder but does no damage.
Your hound bites Grinder.
Grinder zaps a wand.
The puff of flame hits your quokka!
Your quokka dies!
Your quokka's corpse disappears in a puff of smoke!
Your hound bites Grinder.
Grinder gestures at you. Pain shoots through your body!
Your hound bites Grinder.
The hobgoblin completely misses your guardian golem.
Your hound bites Grinder.
Grinder hits you.
You writhe in agony.
The hobgoblin hits your guardian golem but does no damage.
Your hound barely misses Grinder.
You hit Grinder but do no damage.
Grinder is moderately wounded.
Grinder blinks!
Your crimson imp blinks!
You hit the hobgoblin.
The hobgoblin is severely wounded.
Grinder gestures at you. Pain shoots through your body!
You die...

......###........
......#........$.
..........$...... ∆
...5...........#
..............#
#.......5..# ######
#.§.....>..# #....####
#.....≈≈≈≈.#
.###....#####...@..h≈.#
....###..##....9g≈≈≈≈.#
.....###..............#
#......................#
#.......####........!.[#
#.....### #...........#
#.....# ##........###
†.##### ........## .## ∆
.....#<##


You could see Grinder (ally target), a hobgoblin (ally target), a friendly
guardian golem (summoned), a friendly hound (summoned, sheltered) and a friendly
crimson imp (summoned, sheltered).

Vanquished Creatures
  A worm (D:2)
  A ball python (D:3)
  A bat (D:2)
  4 endoplasms
  2 giant cockroaches (D:1)
  2 hobgoblins (D:2)
  3 frilled lizards
  A goblin (D:1)
  3 rats
18 creatures vanquished.

Vanquished Creatures (collateral kills)
  2 adders (D:2)
  A worm (D:3)
  A ball python (D:2)
  2 endoplasms
  A rat (D:2)
7 creatures vanquished.

Vanquished Creatures (others)
  A plant (D:1)
  5 toadstools (D:1)
6 creatures vanquished.

Grand Total: 31 creatures vanquished

Notes
Turn   | Place    | Note
-------+----------+-------------------------------------------
     0 | D:1      | javelincjr the Gnoll Summoner began the quest for the Orb.
     0 | D:1      | Reached XP level 1. HP: 13/13 MP: 6/6
   292 | D:1      | Found a faded altar of an unknown god.
   397 | D:1      | Reached XP level 2. HP: 7/19 MP: 4/7
   400 | D:1      | Learned a level 2 spell: Call Imp
   811 | D:1      | Found Vedatic's General Store.
  1011 | D:2      | Reached skill level 5 in Spellcasting
  1011 | D:2      | Reached XP level 3. HP: 17/25 MP: 5/9
  1143 | D:2      | Learned a level 3 spell: Call Canine Familiar
  1237 | D:2      | Reached skill level 1 in Invocations
  1659 | D:3      | Reached skill level 1 in Fighting
  1659 | D:3      | Reached skill level 1 in Short Blades
  1659 | D:3      | Reached skill level 1 in Long Blades
  1659 | D:3      | Reached skill level 1 in Axes
  1659 | D:3      | Reached skill level 1 in Maces & Flails
  1659 | D:3      | Reached skill level 1 in Polearms
  1659 | D:3      | Reached skill level 1 in Staves
  1659 | D:3      | Reached skill level 1 in Ranged Weapons
  1659 | D:3      | Reached skill level 1 in Throwing
  1659 | D:3      | Reached skill level 1 in Armour
  1659 | D:3      | Reached skill level 1 in Shields
  1659 | D:3      | Reached skill level 1 in Unarmed Combat
  1659 | D:3      | Reached skill level 1 in Evocations
  1743 | D:3      | Noticed Grinder
  1749 | D:3      | Learned a level 3 spell: Summon Guardian Golem
  1762 | D:3      | Killed from afar by Grinder

Illustrated notes

Levels and vault maps discovered:
D:1:      ldierk_walled_garden, layout_loops_ring,
          hellmonk_ecumenical_altar_blasted, serial_shops,
          nicolae_shop_window_shopping, grunt_decor_cap
D:2:      layout_rooms, st_stairs_13
D:3:      layout_rooms, mainiacjoe_overflow_alcove_4, ebering_ghost_gozag,
          kennysheep_nondescript, chequers_serial_rivers_micro_d,
          chequers_serial_rivers_micro_a, dilly_guarded_unrand_throatcut,
          uniq_grinder

Skill      XL: |  1  2  3 |
---------------+----------+-----
Spellcasting   | 5 |  5.0
Invocations    | 1 |  1.0
Fighting       | 1 |  1.0
Short Blades   | 1 |  1.0
Long Blades    | 1 |  1.0
Axes           | 1 |  1.0
Maces & Flails | 1 |  1.0
Polearms       | 1 |  1.0
Staves         | 1 |  1.0
Ranged Weapons | 1 |  1.0
Throwing       | 1 |  1.0
Armour         | 1 |  1.0
Shields        | 1 |  1.0
Unarmed Combat | 1 |  1.0
Evocations     | 1 |  1.0
Dodging        | |  4.6
Stealth        | |  4.2
Conjurations   | |  0.7
Hexes          | |  0.7
Summonings     | |  7.1
Necromancy     | |  0.7
Translocations | |  0.7
Transmutations | |  0.7
Fire Magic     | |  0.7
Ice Magic      | |  0.7
Air Magic      | |  0.7
Earth Magic    | |  0.7
Poison Magic   | |  0.7

Action                   || total
-------------------------++-------
Melee: Spear             ||    54
       Unarmed           ||     3
       Hand axe          ||     2
       Bite              ||     4
 Cast: Summon Small Mamm ||    22
       Call Imp          ||     6
       Call Canine Famil ||     3
       Summon Guardian G ||     1
 Stab: Sleeping          ||     4
       Distracted        ||     1
Armor: Robe              ||     1
Dodge: Dodged            ||    20
